 Dungeon Crawl Stone Soup version 0.22-a0-159-g7ce444fdad (webtiles) character file.

88 Perturabo the Slasher (level 4, 0/34 HPs)
             Began as a Demonspawn Gladiator on Feb 10, 2018.
             Succumbed to an adder's poison
             ... on level 3 of the Dungeon.
             The game lasted 00:03:41 (1594 turns).

Perturabo the Slasher (Demonspawn Gladiator)        Turns: 1594, Time: 00:03:42

Health: 0/34       AC:  6    Str: 14    XL:     4   Next: 30%
Magic:  4/4        EV: 13    Int: 10    God:
Gold:   158        SH:  0    Dex: 15    Spells: 3/3 levels left

rFire    . . .     SeeInvis .   a - +0 long sword
rCold    . . .     Gourm    .   (no shield)
rNeg     . . .     Faith    .   b - +0 leather armour
rPois    .         Spirit   .   c - +0 helmet
rElec    .         Reflect  .   (no cloak)
rCorr    .         Harm     .   (no gloves)
MR       .....                  (no boots)
Stlth    +.........             (no amulet)
HPRegen  0.11/turn              (no ring)
MPRegen  0.09/turn              (no ring)

@: lethally poisoned (0 -> -2)
A: slimy green scales 1
a: no special abilities


You were on level 3 of the Dungeon.
You were hungry.

You visited 1 branch of the dungeon, and saw 3 of its levels.

You collected 158 gold pieces.

Inventory:

Hand Weapons
 a - a +0 long sword (weapon)
Missiles
 d - 3 throwing nets (quivered)
Armour
 b - a +0 leather armour (worn)
 c - a +0 helmet (worn)
Jewellery
 e - an uncursed ring of ice {unknown}
 q - a cursed ring of fire {unknown}
Scrolls
 j - 2 scrolls of teleportation {unknown}
 l - a scroll of enchant weapon {unknown}
 o - 2 scrolls of remove curse {unknown}
 p - 4 scrolls of identify {unknown}
 r - a scroll of fog {unknown}
 s - a scroll of blinking {unknown}
Potions
 g - a potion of lignification {unknown}
 h - a potion of ambrosia {unknown}
 i - a potion of degeneration {unknown}
 k - a potion of haste {unknown}
 m - a potion of brilliance {unknown}
 n - 2 potions of cancellation {unknown}
Comestibles
 f - 8 rations


   Skills:
 + Level 2.4 Fighting
 + Level 3.5 Long Blades
 + Level 1.9 Throwing
 + Level 1.1 Armour
 + Level 3.3 Dodging
 + Level 0.1 Stealth


You had 3 spell levels left.
You didn't know any spells.

Dungeon Overview and Level Annotations

Branches:
Dungeon (3/15)

Altars:
Cheibriados
Kikubaaqudgha
Makhleb


Innate Abilities, Weirdness & Mutations

You are partially covered in slimy green scales. (AC +2)


Message History

You feel sick.
You see here an adder corpse.
You hit the worm.
The worm is moderately wounded.
The worm completely misses you.
You barely miss the worm.
The worm is moderately wounded.
The worm bites you but does no damage.
You barely miss the worm.
The worm is moderately wounded.
You feel sick. The worm bites you!
* * * LOW HITPOINT WARNING * * *
You hit the worm.
The worm is heavily wounded.
You hit the worm.
The worm is heavily wounded.
The worm bites you but does no damage.
You barely miss the worm.
The worm is heavily wounded.
You die...

#..####...## #........#
## ##.#....###
###.....## # #...####
##.#.### ## #..##
#####.[#.#########. ####
#####..................
#..>........############
###.###....#### #
....###.#.####
........w@...#######
####...####........
###..## ######### #...##
#...# ....... ..........
....$.....# ..........#


You could see a worm.

Vanquished Creatures
  A hound (D:2)
  An adder (D:3)
  A dart slug (D:1)
  A leopard gecko (D:2)
  An orc (D:3)
  9 bats
  2 giant cockroaches
  4 goblins (D:1)
  2 hobgoblins
  4 jackals (D:1)
  6 kobolds
  A ball python (D:2)
  4 frilled lizards
  10 rats
47 creatures vanquished.

Notes
Turn   | Place    | Note
-------+----------+-------------------------------------------
     0 | D:1      | Perturabo the Demonspawn Gladiator began the quest for the Orb.
     0 | D:1      | Reached XP level 1. HP: 16/16 MP: 1/1
   156 | D:1      | Gained mutation: You are partially covered in slimy green scales. (AC +2) [demonic ancestry]
   156 | D:1      | Reached XP level 2. HP: 17/22 MP: 2/2
   884 | D:2      | Reached XP level 3. HP: 27/27 MP: 3/3
   891 | D:2      | Found a faded altar of an unknown god.
   980 | D:2      | Found a snail-covered altar of Cheibriados.
   985 | D:2      | Found an ancient bone altar of Kikubaaqudgha.
  1119 | D:2      | Found a burning altar of Makhleb.
  1127 | D:2      | Reached skill level 1 in Armour
  1127 | D:2      | Reached XP level 4. HP: 23/34 MP: 4/4
  1591 | D:3      | HP: 1/34 [worm (7)]
  1594 | D:3      | Succumbed to an adder's poison

Vault maps used:
D:1:      shiori_shiawase, minmay_octomino_j4
D:2:      minitemple, chequers_ecumenical_altar_island,
          corexii_leaking_fountain, makhleb_blood_cavern_becter

Skill      XL: |  1  2  3 |
---------------+----------+-----
Dodging        | 3 |  3.3
Long Blades    | 3 |  3.5
Armour         | 1 |  1.1
Fighting       | |  2.4
Throwing       | |  1.9
Stealth        | |  0.1

Action                   |  1- 3 |  4- 6 || total
-------------------------+-------+-------++-------
Melee: Long sword        |   108 |    43 ||   151
  Eat: Chunk             |       |     2 ||     2
Armor: Leather armour    |    45 |    16 ||    61
Dodge: Dodged            |    98 |    40 ||   138
       Rpst.: Long sword |    30 |    16 ||    46

Table legend:
 A = Spawn XP
 B = Non-spawn XP
 C = Spawn XP percentage of total XP
 D = Spawn monster count
 E = Non-spawn monster count
 F = Spawn count percentage of total count
 G = Total turns spent on level
                    A         B        C        D         E        F      G
               +---------+---------+-------+---------+---------+-------+---------
         Total |       0 |     127 |   0.0 |       0 |      47 |   0.0 |  1594
               +---------+---------+-------+---------+---------+-------+---------
           D:1 |       0 |      37 |   0.0 |       0 |      22 |   0.0 |   863
           D:2 |       0 |      64 |   0.0 |       0 |      16 |   0.0 |   419
           D:3 |       0 |      26 |   0.0 |       0 |       9 |   0.0 |   312
               +---------+---------+-------+---------+---------+-------+---------
